 Dungeon Crawl Stone Soup version 0.29-a0-266-gf56f883ddd (webtiles) character file.

Game seed: 5073060917149325902

2 enile the Covert (level 1, -3/23 HPs)
             Began as a Gnoll Delver on Mar 6, 2022.
             Was an Initiate of the Shining One.
             Slain by a killer bee (5 damage)
             ... on level 5 of the Dungeon.
             The game lasted 00:00:29 (164 turns).

enile the Covert (Gnoll Delver)                      Turns: 164, Time: 00:00:30

Health: -3/23      AC:  3    Str: 11    XL:     1   Next: 30%
Magic:  1/1        EV: 13    Int: 14    God:    the Shining One [......]
Gold:   31         SH:  0    Dex: 13    Spells: 0/0 levels left

rFire   x . .      SeeInvis .   i - +2 trident of the Riding Gods {protect, Int+5}
rCold   + . .      Faith    .   (no shield)
rNeg    . . .      Spirit   .   b - +0 leather armour
rPois   .          Reflect  .   (no helmet)
rElec   .          Harm     .   (no cloak)
rCorr   .          Rampage  .   (no gloves)
Will    .....                   (no boots)
Stlth   ++........              (no amulet)
HPRegen 0.07/turn               h - ring of ice
MPRegen 0.07/turn               (no ring)

@: glowing
A: fangs 1, strong nose, distributed training
a: Renounce Religion


You were on level 5 of the Dungeon.
You worshipped the Shining One.
The Shining One was noncommittal.
You visited 1 branch of the dungeon, and saw 1 of its levels.

You collected 31 gold pieces.

Inventory:

Hand Weapons
 a - a +0 falchion
 i - the +2 trident of the Riding Gods (weapon) {protect, Int+5}
   (You found it on level 5 of the Dungeon)

   It grants its wielder temporary protection when it strikes (+7 to AC).
   Int:       It affects your intelligence (+5).
Armour
 b - a +0 leather armour (worn)
Jewellery
 h - a ring of ice (left hand)
Wands
 g - a wand of digging (3)
Scrolls
 c - a scroll of fog
 d - a scroll of magic mapping
 e - a scroll of fear
Potions
 f - a potion of haste


   Skills:
 + Level 6.4 Fighting
 + Level 0.0 Short Blades
 + Level 4.4 Long Blades
 + Level 0.0 Axes
 + Level 0.0 Maces & Flails
 + Level 0.0 Polearms
 + Level 0.0 Staves
 + Level 0.0 Slings
 + Level 0.0 Bows
 + Level 0.0 Crossbows
 + Level 0.0 Throwing
 + Level 0.0 Armour
 + Level 4.4 Dodging
 + Level 9.5 Stealth
 + Level 0.0 Shields
 + Level 0.0 Unarmed Combat
 + Level 0.0 Spellcasting
 + Level 0.0 Conjurations
 + Level 0.0 Hexes
 + Level 0.0 Summonings
 + Level 0.0 Necromancy
 + Level 0.0 Translocations
 + Level 0.0 Transmutations
 + Level 0.0 Fire Magic
 + Level 0.0 Ice Magic
 + Level 0.0 Air Magic
 + Level 0.0 Earth Magic
 + Level 0.0 Poison Magic
 + Level 0.1 Invocations
 + Level 0.0 Evocations


You couldn't memorise any spells.
You didn't know any spells.
Your spell library was empty.

Dungeon Overview and Level Annotations

Branches:
Dungeon (5/15)             Temple (0/1) D:5

Altars:
The Shining One


Innate Abilities, Weirdness & Mutations

You have very sharp teeth.
Your uncanny sense of smell can sniff out nearby items.
Your experience applies equally to all skills.


Message History

Found a short sword.
Found a staircase to the Ecumenical Temple.
h - a ring of ice An orc comes into view.
It is wielding a +0 whip.
You feel more attuned to ice.
h - a ring of ice (left hand)
You see here the +2 trident of the Riding Gods {protect, Int+5}.
i - the +2 trident of the Riding Gods {protect, Int+5} You feel clever.
The +2 trident of the Riding Gods {protect, Int+5} hums with potential!
i - the +2 trident of the Riding Gods (weapon)
{protect, Int+5} Your library has no spells.
You reach to attack!
You barely miss the orc. You barely miss the orc.
The orc hits you but does no damage.
You puncture the orc!
Your weapon exudes an aura of protection.
You kill the orc!
No target in view!
Things that are here:
a +0 whip; an orc corpse
Found a stone staircase leading up.
A killer bee comes into view.
A killer bee is nearby!
A killer bee is nearby! 2 killer bees come into view.
Found a scroll labelled MUTALU USOIRE.
The killer bee buzzes angrily.
You hear an angry buzzing noise.
A killer bee comes into view. x3
Found 4 large rocks.
You reach to attack!
You closely miss the killer bee.
The killer bee buzzes angrily.
The killer bee stings you! The killer bee barely misses you.
The killer bee completely misses you.
Press: ? - help, v - describe, . - travel A granite statue.
The killer bee attacks as you move away!
The killer bee closely misses you. The killer bee stings you! x2
* * * LOW HITPOINT WARNING * * *
The killer bee stings you.
You die...

##......#.##.##.##
####..#####.##....#
###......## #.####.###
.<.......# #.# #...# .
#.8.8.8.# #.# #.#.##
..##..⌠.⌠..# #.# ##.#..##
.....8.>.8.# #.# #..##...
...#..⌠.⌠..###.# #.##..##
.....8.8@8..##.# #.....##
.......yy......###..##..#
(......y###..).....##....
y.......##.....)....#....
........#..#.............
.......##.##........#....
.y........ #........#####
#.#......# ######..## # .
....... #.## .


You could see 4 killer bees.

Vanquished Creatures
  An orc (D:5)
1 creature vanquished.

Notes
Turn   | Place    | Note
-------+----------+-------------------------------------------
     0 | D:5      | Reached skill level 9 in Stealth
     0 | D:5      | enile the Gnoll Delver began the quest for the Orb.
     0 | D:5      | Reached XP level 1. HP: 23/23 MP: 1/1
    45 | D:5      | Found a glowing golden altar of the Shining One.
   105 | D:5      | Became a worshipper of the Shining One
   135 | D:5      | Found a staircase to the Ecumenical Temple.
   146 | D:5      | Identified the +2 trident of the Riding Gods {protect,
                  | Int+5}
   159 | D:5      | Noticed a killer bee
   160 | D:5      | Noticed a killer bee
   160 | D:5      | Noticed a killer bee
   160 | D:5      | Noticed a killer bee
   160 | D:5      | Noticed a killer bee
   164 | D:5      | Slain by a killer bee

Illustrated notes

Levels and vault maps discovered:
D:5:      layout_rooms, kennysheep_mini, minmay_temple_entry_statues_fountains,
          uniq_blork_the_orc

Skill      XL: | |
---------------+-+-----
Stealth        | |  9.5
Fighting       | |  6.4
Long Blades    | |  4.4
Dodging        | |  4.4
Invocations    | |  0.1

Action                   || total
-------------------------++-------
Melee: Trident           ||     4
Armor: Leather armour    ||     1
Dodge: Dodged            ||     3

Table legend: (Time is in decaauts)
 A = Elapsed time spent in this place.
 B = Non-inter-level travel time spent in this place.
 C = Inter-level travel time spent in this place.
 D = Time resting spent in this place.
 E = Time spent auto-exploring this place.
 F = Levels seen in this place.
 G = Mean time per level.
                   A        B        C        D        E       F      G
               +--------+--------+--------+--------+--------+-----+--------+
         Total |    164 |    139 |     25 |      0 |    111 |   1 |  164.0 |
       Dungeon |    164 |    139 |     25 |      0 |    111 |   1 |  164.0 |
               +--------+--------+--------+--------+--------+-----+--------+

Top non-repeatable levels by time:
     D:5: 164 daAuts
